 Dungeon Crawl Stone Soup version 0.29.0 (webtiles) character file.

Game seed: 9948123590760411867

3060 gelatine the Stinger (level 9, -3/61 HPs)
             Began as a Demonspawn Venom Mage on Aug 24, 2022.
             Was an Initiate of Vehumet.
             Slain by a human
             ... wielding a +0 vorpal hand axe
              (14 damage)
             ... in a bailey.
             The game lasted 00:27:58 (8428 turns).

gelatine the Stinger (Demonspawn Venom Mage)        Turns: 8428, Time: 00:27:59

Health: -3/61      AC:  3    Str: 11    XL:     9   Next: 57%
Magic:  0/19       EV: 13    Int: 19    God:    Vehumet [......]
Gold:   406        SH:  0    Dex: 17    Spells: 11/21 levels left

rFire   + . .      SeeInvis .   l - +11 whip of the Kidney {chaos, Dex+4}
rCold   + . .      Faith    .   (no shield)
rNeg    + . .      Spirit   +   b - +1 robe {Archmagi}
rPois   .          Reflect  .   (no helmet)
rElec   .          Harm     .   g - scarf {rC+ rF+}
rCorr   +          Rampage  .   (gloves unavailable)
Will    .....      Archmagi +   (no boots)
Stlth   ++........              (no amulet)
HPRegen 0.20/turn               d - ring of positive energy
MPRegen 0.32/turn               i - ring of resist corrosion

@: no status effects
A: demonic guardian 1, magic shield, magic regeneration, magic link, demonic
touch 3
a: Renounce Religion


You were in a bailey.
You worshipped Vehumet.
Vehumet was noncommittal.
You visited 2 branches of the dungeon, and saw 8 of its levels.
You also visited: Sewer and Bailey.

You collected 406 gold pieces.

Inventory:

Hand Weapons
 l - the +11 whip of the Kidney (weapon) {chaos, Dex+4}
   (You found it on level 2 of the Dungeon)

   Each time it hits an enemy it has a different, random effect.
   Dex:       It affects your dexterity (+4).
 v - a +4 dagger
 w - a +5 rapier of draining
Armour
 b - a +1 robe of the Archmagi (worn)
 g - a scarf of resistance (worn)
Magical Staves
 q - a staff of air
Jewellery
 c - a ring of see invisible
 d - a ring of positive energy (left hand)
 i - a ring of resist corrosion (right hand)
 m - a ring of protection from fire
Wands
 f - a wand of mindburst (14)
 n - a wand of roots (12)
 r - a wand of acid (11)
Scrolls
 e - 4 scrolls of noise
 k - 2 scrolls of magic mapping {unknown}
 o - 3 scrolls of blinking {unknown}
 p - 2 scrolls of fear {unknown}
 y - a scroll of vulnerability {unknown}
Potions
 a - 2 potions of curing
 h - 3 potions of mutation
 s - 2 potions of attraction
 t - a potion of brilliance
 u - a potion of might
 x - 2 potions of heal wounds


   Skills:
 + Level 2.3 Fighting
 + Level 3.5 Maces & Flails
 + Level 3.4 Dodging
 + Level 3.2 Stealth
 + Level 6.7 Spellcasting
 + Level 1.1 Conjurations
 + Level 4.6 Transmutations
 + Level 2.8 Air Magic
 + Level 7.4 Poison Magic


You had 11 spell levels left.
You knew the following spells:

 Your Spells              Type           Power      Damage    Failure   Level
a - Sting                 Tmut/Pois      100%       1d8       1%          1
b - Poisonous Vapours     Pois/Air       76%        N/A       1%          2
c - Mephitic Cloud        Conj/Pois/Air  31%        N/A       6%          3
d - Olgreb's Toxic Radia  Pois           51%        N/A       4%          4

Your spell library contained the following spells:

 Spells                   Type           Power      Damage    Failure   Level
 Apportation              Tloc           18%        N/A       11%         1
 Necrotise                Necr           36%        1d5       11%         1
 Summon Small Mammal      Summ           36%        N/A       11%         1
 Portal Projectile        Hex/Tloc       18%        N/A       30%         3
 Tukima's Dance           Hex            9%         N/A       30%         3
 Blade Hands              Tmut           18%        N/A       38%         5
 Anguish                  Hex/Necr       4%         N/A       71%         4
 Enfeeble                 Hex            4%         N/A       100%        7


Dungeon Overview and Level Annotations

Branches:
Dungeon (7/15)             Temple (1/1) D:5           Sewer (visited)
 Bailey (1/1)

Altars:
Ashenzari
Cheibriados
Dithmenos
Fedhas
Gozag
Hepliaklqana
Kikubaaqudgha
Makhleb
Nemelex Xobeh
Okawaru
Qazlal
Ru
Sif Muna
Trog
Vehumet
Wu Jian
Xom
Yredelemnul


Innate Abilities, Weirdness & Mutations

A weak demonic guardian rushes to your aid.
When hurt, damage is shared between your health and your magic reserves.
You regenerate magic rapidly.
When low on magic, you restore magic in place of health.
Your touch may irresistibly damage your foes and sap their willpower.


Message History

The human looks even sicker. x2; The human is poisoned.
You feel a surge of power!
The sting hits the human.
The human looks as sick as possible!
The human is moderately wounded.
The hobgoblin shouts!
The human looks as sick as possible!
The human looks even sicker.
The hobgoblin is poisoned.
Your toxic aura wanes.
You hear a shout!
You feel a surge of power!
The sting hits the human but does no damage.
The human looks even sicker.
The human is lightly wounded.
You hit the human but do no damage.
The human looks as sick as possible!
You touch the human!
You sap its willpower!
The human is heavily wounded.
You hit the human.
The human seems to speed up.
You touch the human.
You kill the human!
Vehumet accepts your kill.
You kill the hobgoblin!
Vehumet accepts your kill. The human completely misses you.
You hit the human but do no damage.
The human is heavily wounded.
The human hits you with a +1 vorpal hand axe!
The human hits you with a +0 vorpal hand axe.
You closely miss the human.
The human is severely wounded.
The human hits you with a +1 vorpal hand axe!
A demonic guardian appears!
The human hits you with a +0 vorpal hand axe.
Your magical contamination has completely faded away.
You hit the human but do no damage.
The human goes berserk!
The human is severely wounded.
The human barely misses you.
The human hits you with a +1 vorpal hand axe!
* * * LOW HITPOINT WARNING * * *
x2 You swap places.
Your ufetubus closely misses the human. x2
The human hits you with a +0 vorpal hand axe!
You die...

##+# ##..#
##~~~##...#
#~~~~~#...#
#~~~~~#...
#~~~~~#).
##~~#'#'#
####.).##
#..p5.#
#.∩@p.#
#.†...#
##...##
#####


You could see 2 humans and a friendly ufetubus (summoned).

Vanquished Creatures
  Pikel (D:6)
  Grinder (D:3)
  A human (Bailey)
  Eustachio (D:6)
  A fire bat (D:6)
  Edmund (D:4)
  Duvessa (D:6)
  A water moccasin (D:6)
  An ice beast (D:5)
  2 lemures (D:6)
  6 bullfrogs
  2 necrophages
  3 scorpions
  Dowan (D:6)
  2 howler monkeys
  2 hounds
  3 orc priests
  2 jellies
  A gnoll bouda (D:6)
  Jessica (D:3)
  Ijyb (D:3)
  5 iguanas
  4 orc wizards
  5 gnolls (D:6)
  9 adders
  2 shadow imps
  2 ufetubi
  A worm (D:3)
  A dart slug (D:4)
  25 orcs
  16 ball pythons
  7 endoplasms
  7 giant cockroaches
  10 goblins
  4 hobgoblins
  2 kobolds (D:3)
  18 quokkas
  9 bats
  9 frilled lizards
  8 rats
179 creatures vanquished.

Notes
Turn   | Place    | Note
-------+----------+-------------------------------------------
     0 | D:1      | gelatine the Demonspawn Venom Mage began the quest for the
                  | Orb.
     0 | D:1      | Reached XP level 1. HP: 13/13 MP: 3/3
   117 | D:1      | Noticed a great orb of eyes
   123 | D:1      | Noticed a shining eye
   125 | D:1      | Found a faded altar of an unknown god.
   152 | D:1      | Noticed a shining eye
   152 | D:1      | Noticed a floating eye
   163 | D:1      | Reached skill level 1 in Transmutations
   412 | D:1      | Gained mutation: You regenerate magic rapidly. [demonic
                  | ancestry]
   412 | D:1      | Reached XP level 2. HP: 19/19 MP: 3/5
  1044 | D:2      | Learned a level 2 spell: Poisonous Vapours
  1263 | D:2      | Gained mutation: Your touch may inflict minor irresistible
                  | damage on your foes. [demonic ancestry]
  1263 | D:2      | Reached XP level 3. HP: 23/24 MP: 2/6
  1292 | D:2      | Identified the +11 whip of the Kidney {chaos, Dex+4}
  1325 | D:2      | You fall into a shaft and drop 1 floor!
  1350 | D:3      | Noticed Ijyb
  1355 | D:3      | Killed Ijyb
  1695 | D:3      | Gained mutation: Your touch may inflict irresistible damage
                  | on your foes. [demonic ancestry]
  1695 | D:3      | Reached XP level 4. HP: 21/30 MP: 3/8
  1703 | D:3      | Found a glowing drain.
  1707 | Sewer    | Entered a sewer
  2489 | Sewer    | Gained mutation: When hurt, damage is shared between your
                  | health and your magic reserves. [demonic ancestry]
  2489 | Sewer    | Reached XP level 5. HP: 35/35 MP: 9/9
  2573 | Sewer    | Reached skill level 4 in Poison Magic
  2574 | Sewer    | Reached skill level 1 in Fighting
  2574 | Sewer    | Reached skill level 1 in Maces & Flails
  2574 | Sewer    | Gained mutation: A weak demonic guardian rushes to your
                  | aid. [demonic ancestry]
  2574 | Sewer    | Reached XP level 6. HP: 34/43 MP: 5/11
  2912 | D:3      | Noticed Jessica
  2916 | D:3      | Killed Jessica
  3121 | D:3      | Learned a level 3 spell: Mephitic Cloud
  3126 | D:3      | Learned a level 4 spell: Olgreb's Toxic Radiance
  3427 | D:3      | Noticed Grinder
  3450 | D:3      | Killed Grinder
  3451 | D:3      | Reached skill level 5 in Poison Magic
  3451 | D:3      | Gained mutation: When low on magic, you restore magic in
                  | place of health. [demonic ancestry]
  3451 | D:3      | Reached XP level 7. HP: 40/48 MP: 8/13
  4050 | D:4      | Found a bloodstained altar of Trog.
  4253 | D:4      | Noticed Edmund
  4328 | D:4      | Killed Edmund
  5142 | D:5      | Entered Level 5 of the Dungeon
  5348 | D:5      | Reached skill level 1 in Air Magic
  5365 | D:5      | Reached skill level 5 in Spellcasting
  5365 | D:5      | Reached XP level 8. HP: 54/54 MP: 8/15
  5765 | D:5      | Found a staircase to the Ecumenical Temple.
  5771 | D:5      | Reached skill level 6 in Poison Magic
  5775 | Temple   | Entered the Ecumenical Temple
  6138 | Temple   | Became a worshipper of Vehumet
  6617 | D:6      | Found a transporter.
  6774 | D:6      | Noticed Pikel
  6784 | D:6      | Killed Pikel
  6785 | D:6      | Reached skill level 1 in Conjurations
  6785 | D:6      | Gained mutation: Your touch may irresistibly damage your
                  | foes and sap their willpower. [demonic ancestry]
  6785 | D:6      | Reached XP level 9. HP: 21/61 MP: 7/17
  7049 | D:6      | Noticed Duvessa
  7049 | D:6      | Noticed Dowan
  7057 | D:6      | Killed Dowan
  7063 | D:6      | Killed Duvessa
  7134 | D:6      | Reached skill level 7 in Poison Magic
  7190 | D:6      | Found a transporter.
  7225 | D:6      | Noticed Eustachio
  7238 | D:6      | Killed Eustachio
  8387 | D:7      | Found a flagged portal.
  8393 | Bailey   | Entered a bailey
  8428 | Bailey   | Slain by a human

Illustrated notes

Levels and vault maps discovered:
D:1:      scummos_arrival_hexagon, layout_loops_cross,
          hellmonk_ecumenical_altar_watching_god
D:2:      layout_basic, kennysheep_generic_room_16
D:3:      layout_loops_corners, gup_sewer_entry_bowl, uniq_ijyb, uniq_jessica,
          uniq_grinder
D:4:      layout_loops_corners, trog_butcher_becter,
          minmay_misc_feat_four_crosses, uniq_edmund
D:5:      layout_loops_ring, temple_green, serial_rivers,
          chequers_serial_rivers_small_b, chequers_serial_rivers_room_b,
          chequers_serial_rivers_micro_b, chequers_serial_rivers_micro_e
D:6:      gammafunk_cloud_chamber, layout_layer_cave, nicolae_underground_beach,
          uniq_eustachio, uniq_pikel, uniq_duvessa
D:7:      layout_basic, nicolae_uskayaw_dance_studio, enter_bailey_3,
          minmay_crystal_water
Temple:   mainiacjoe_temple_cubbyholes
Bailey:   bailey_axe_froggy_fort_hellmonk, bailey

Skill      XL: |  1  2  3  4  5  6  7  8  9 |
---------------+----------------------------+-----
Transmutations | 1 2 3 4 |  4.6
Stealth        | 2 3 |  3.2
Spellcasting   | 3 4 5 6 |  6.7
Dodging        | 2 3 |  3.4
Poison Magic   | 4 5 6 7 |  7.4
Fighting       | 1 2 |  2.3
Maces & Flails | 1 2 3 |  3.5
Air Magic      | 1 2 |  2.8
Conjurations   | 1 |  1.1

Action                   |  1- 3 |  4- 6 |  7- 9 || total
-------------------------+-------+-------+-------++-------
Melee: Unarmed           |     5 |       |       ||     5
       Spear             |     4 |       |       ||     4
       Club              |     1 |       |       ||     1
       Whip              |    15 |    49 |    85 ||   149
       Touch             |     3 |     3 |    10 ||    16
 Cast: Sting             |    47 |    58 |   119 ||   224
       Poisonous Vapours |     4 |     2 |    23 ||    29
       Mephitic Cloud    |       |     1 |    10 ||    11
       Olgreb's Toxic Ra |       |       |    13 ||    13
Evoke: Wand              |       |       |     2 ||     2
  Use: Scroll            |     3 |       |     3 ||     6
       Potion            |       |     2 |     6 ||     8
 Stab: Sleeping          |     2 |       |       ||     2
       Confused          |       |       |     1 ||     1
Armor: Robe              |    19 |     6 |     9 ||    34
       Skin              |       |       |    15 ||    15
Dodge: Dodged            |    39 |    67 |    60 ||   166
